 Dungeon Crawl Stone Soup version 0.28.0-53-g5a82cb258f (webtiles) character file.

Game seed: 10622744569728748384

100 safid the Digger (level 4, 0/26 HPs)
             Began as a Gargoyle Earth Elementalist on Aug 30, 2022.
             Slain by a worm (8 damage)
             ... on level 2 of the Dungeon.
             The game lasted 00:02:36 (2856 turns).

safid the Digger (Gargoyle Earth Elementalist)      Turns: 2856, Time: 00:02:36

Health: 0/26       AC:  5    Str: 12    XL:     4   Next: 73%
Magic:  7/8        EV: 12    Int: 17    God:
Gold:   88         SH:  0    Dex: 10    Spells: 4/8 levels left

rFire   . . .      SeeInvis .   d - +0 short sword
rCold   . . .      Faith    .   (no shield)
rNeg    + . .      Spirit   .   b - +0 robe
rPois   ∞          Reflect  .   (no helmet)
rElec   +          Harm     .   (no cloak)
rCorr   .          Rampage  .   (no gloves)
Will    .....                   (no boots)
Stlth   ++........              (no amulet)
HPRegen 0.08/turn               (no ring)
MPRegen 0.11/turn               (no ring)

@: no status effects
A: sickness immunity, AC +3, negative energy resistance 1, electricity
resistance, torment resistance 1, petrification resistance
a: no special abilities


You were on level 2 of the Dungeon.
You visited 1 branch of the dungeon, and saw 2 of its levels.

You collected 88 gold pieces.

Inventory:

Hand Weapons
 d - a +0 short sword (weapon)
Missiles
 c - 54 stones
Armour
 b - a +0 robe (worn)
Jewellery
 l - a ring of fire
 m - an amulet of the acrobat
 n - a ring of see invisible
Scrolls
 f - 2 scrolls of fog {unknown}
 g - a scroll of blinking {unknown}
 h - a scroll of fear {unknown}
 i - a scroll of amnesia {unknown}
 k - a scroll of teleportation {unknown}
Potions
 a - a potion of heal wounds {unknown}
 e - a potion of flight {unknown}
 j - a potion of cancellation {unknown}


   Skills:
 + Level 2.2 Fighting
 - Level 2.0 Dodging
 - Level 2.1 Stealth
 + Level 2.8 Spellcasting
 - Level 1.0 Transmutations
 + Level 4.6 Earth Magic


You had 4 spell levels left.
You knew the following spells:

 Your Spells              Type           Power      Damage    Failure   Level
a - Sandblast             Erth           36%        2d10      2%          1
b - Stone Arrow           Conj/Erth      20%        3d8       21%         3

Your spell library contained the following spells:

 Spells                   Type           Power      Damage    Failure   Level
 Passwall                 Tmut/Erth      9%         N/A       9%          2
 Summon Guardian Golem    Hex/Summ       2%         N/A       47%         3
 Petrify                  Tmut/Erth      11%        N/A       50%         4
 Iskenderun's Battlesphe  Conj           2%         2d6       99%         5
 Iron Shot                Conj/Erth      5%         9d2       100%        6
 Orb of Destruction       Conj           1%         9d5       100%        7
 Spellforged Servitor     Conj/Summ      1%         N/A       100%        7


Dungeon Overview and Level Annotations

Branches:
Dungeon (2/15)

Altars:

Shops:
D:1 [


Innate Abilities, Weirdness & Mutations

You are immune to sickness and miasma.
Your stone body is resilient. (AC +3)
You are immune to poison.
You resist negative energy. (rN+)
You are resistant to electric shocks. (rElec)
You are resistant to unholy torment.
You are immune to petrification.


Message History

Confirm with . or Enter, or press ? or * to list all spells.
Aiming: Sandblast (safe; 2% risk of failure)
Press: ? - help, Shift-Dir - straight line, f/p - adder
Aim: an adder (almost dead, 66% to hit)
The blast of sand hits the adder!
You kill the adder!
A worm comes into view.
A worm is nearby!
The worm barely misses you.
You barely miss the worm. The worm bites you.
You hit the worm.
The worm is moderately wounded.
You barely miss the worm.
The worm is moderately wounded.
The worm bites you.
You hit the worm.
The worm is heavily wounded.
The worm bites you but does no damage.
You hit the worm but do no damage.
The worm is heavily wounded.
You barely miss the worm.
The worm is heavily wounded.
The worm barely misses you.
You hit the worm.
The worm is heavily wounded.
The worm bites you.
You hit the worm but do no damage.
The worm is moderately wounded.
You hit the worm but do no damage.
The worm is moderately wounded.
The worm bites you!
Casting: Sandblast (safe; 2% risk of failure)
Confirm with . or Enter, or press ? or * to list all spells.
Aiming: Sandblast (safe; 2% risk of failure)
Press: ? - help, Shift-Dir - straight line, f - worm
Aim: a worm (moderately wounded, 93% to hit)
The blast of sand hits the worm!
The worm is severely wounded.
The worm bites you!
You die...

# #......#........#.#. #
###....#.####.#.#.#.
#####################......#.#.#.
.....................#######.#.#.
########.....###..##.........#.#.
#####.....###..##########.#.#.
#...'.....'..........(........
#.###.....###################.
#.# #.....+.w@............)...
#.# #.....####################
#.# #.##### #.# #.# #.# #.#
####.# #.# .....# ######


You could see a worm.

Vanquished Creatures
  A bullfrog skeleton (D:2)
  A gnoll (D:1)
  2 adders (D:2)
  A dart slug (D:1)
  A worm (D:2)
  5 ball pythons
  4 endoplasms
  6 giant cockroaches
  5 hobgoblins
  2 quokkas (D:2)
  2 bats
  2 frilled lizards
  3 goblins
  3 kobolds
  3 rats (D:1)
41 creatures vanquished.

Notes
Turn   | Place    | Note
-------+----------+-------------------------------------------
     0 | D:1      | safid the Gargoyle Earth Elementalist began the quest for
                  | the Orb.
     0 | D:1      | Reached XP level 1. HP: 10/10 MP: 3/3
   115 | D:1      | Reached skill level 1 in Transmutations
   115 | D:1      | Reached XP level 2. HP: 16/16 MP: 3/5
   317 | D:1      | Reached skill level 1 in Fighting
   317 | D:1      | Found Lolafov's Armour Emporium.
   447 | D:1      | Reached skill level 4 in Earth Magic
   447 | D:1      | Reached XP level 3. HP: 16/20 MP: 6/6
   940 | D:1      | Found a faded altar of an unknown god.
  1086 | D:1      | You fall into a shaft and drop 1 floor!
  1094 | D:2      | Reached XP level 4. HP: 20/26 MP: 2/7
  2040 | D:2      | Learned a level 3 spell: Stone Arrow
  2856 | D:2      | Slain by a worm

Illustrated notes

Levels and vault maps discovered:
D:1:      dpeg_arrival_prison, layout_loops_ring, serial_shops,
          nicolae_shop_competitors_out_of_business,
          hellmonk_ecumenical_altar_zigzags, kennysheep_crisscross
D:2:      layout_basic, serial_shops, shop, kennysheep_path_1

Skill      XL: |  1  2  3  4 |
---------------+-------------+-----
Transmutations | 1 |  1.0
Fighting       | 1 2 |  2.2
Earth Magic    | 4 |  4.6
Dodging        | 2 |  2.0
Stealth        | |  2.1
Spellcasting   | |  2.8

Action                   |  1- 3 |  4- 6 || total
-------------------------+-------+-------++-------
Melee: Unarmed           |     6 |       ||     6
       Short sword       |    46 |    75 ||   121
       Punch             |     1 |     2 ||     3
 Cast: Sandblast         |    19 |    17 ||    36
 Stab: Sleeping          |     1 |     1 ||     2
Armor: Robe              |    23 |    21 ||    44
Dodge: Dodged            |    51 |    52 ||   103
